Description

The existing build order has a broken gas timing. This fixes the order (and changes the Nexus to a 19 Nexus).

Build Order

Get SALT Encoding   

  14  0:19  Pylon  Chrono @100%
  14  0:25  Probe  
  15  0:34  Probe  
  15  0:42  Probe  
  16  0:43  Gateway  
  17  0:51  Probe  
  17  0:55  Assimilator  Rally in
  18  1:03  Probe  
  19  1:24  Nexus  
  19  1:30  Probe  
  20  1:34  Cybernetics Core  
  20  1:37  Probe  
  21  1:43  Assimilator  
  21  1:49  Probe  
  21  1:53  Pylon  
  22  2:01  Adept (Chrono Boost)  
  26  2:15  Stargate  
  26  2:22  Warp Gate  
  27  2:31  Adept  2x Chrono Nexus
  33  2:54  Phoenix (Chrono Boost)  
  39  3:07  Pylon  
  39  3:11  Oracle  
  44  3:25  Gateway  
  46  3:35  Assimilator x2  
  46  3:41  Oracle (Chrono Boost)  
  48  3:46  Pylon  
  53  3:58  Robotics Facility  
  55  4:10  Oracle (Chrono Boost)  
  55  4:13  Adept  
  57  4:20  Pylon  
  62  4:35  Immortal (Chrono Boost)  
  62  4:38  Adept, Sentry  
  70  4:48  Gateway x2  
  70  4:59  Gateway x2  
  70  5:05  Sentry x2  
  74  5:14  Observer  
  74  5:17  Gateway  
  77  5:27  Warp Prism (Chrono Boost)  
  77  5:32  Sentry x2  
  81  5:42  Nexus  
  81  5:53  Sentry  
  80  6:04  Stalker x5  
  90  6:30  Stalker x5  
  103  7:02  Sentry x2  
Spawning Tool Build Advisor. Get it on Overwolf

Go to:

Details

  • Created by: CrestedPeak9
  • Published on: Sep 13, 2019
  • Modified on: Sep 13, 2019
  • Patch: 4.7.1
Show
View Real Time Build Order
Export as new Build Order

Comments (0)

There are no comments. Be the first!

Create an account to comment!